 Dungeon Crawl Stone Soup version 0.29.1-1-gd02db69 (webtiles) character file.

Game seed: 15340801799215922264

38 Kel the Chopper (level 3, -8/23 HPs)
             Began as a Gargoyle Berserker on Nov 25, 2022.
             Was a Follower of Trog.
             Killed by divine providence
             ... invoked by an orc priest
              (13 damage)
             ... on level 2 of the Dungeon.
             The game lasted 00:01:39 (1365 turns).

Kel the Chopper (Gargoyle Berserker)                Turns: 1365, Time: 00:01:39

Health: -8/23      AC:  8    Str: 22    XL:     3   Next: 43%
Magic:  3/3        EV: 11    Int: 13    God:    Trog [*.....]
Gold:   84         SH:  0    Dex:  9    Spells: 2/2 levels left

rFire   . . .      SeeInvis .   a - +0 hand axe
rCold   . . .      Faith    .   (no shield)
rNeg    + . .      Spirit   .   c - +0 ring mail
rPois   ∞          Reflect  .   (no helmet)
rElec   +          Harm     .   (no cloak)
rCorr   .          Rampage  .   (no gloves)
Will    .....                   (no boots)
Stlth   ..........              (no amulet)
HPRegen 0.07/turn               e - +6 ring of intelligence
MPRegen 0.08/turn               (no ring)

@: no status effects
A: sickness immunity, AC +3, negative energy resistance 1, electricity
resistance, torment resistance 1, petrification resistance
a: Renounce Religion, Berserk


You were on level 2 of the Dungeon.
You worshipped Trog.
Trog was aware of your devotion.
You visited 1 branch of the dungeon, and saw 2 of its levels.

You collected 84 gold pieces.

Inventory:

Hand Weapons
 a - a +0 hand axe (weapon)
Armour
 c - a +0 ring mail (worn)
Jewellery
 e - a +6 ring of intelligence (left hand)
Scrolls
 d - a scroll of teleportation {unknown}
 f - a scroll of identify {unknown}
 g - a scroll of noise {unknown}
 h - a scroll of blinking {unknown}
 i - a scroll of enchant weapon {unknown}
Potions
 b - 2 potions of might {unknown}


   Skills:
 - Level 3.2 Fighting
 + Level 4.0 Axes
 - Level 2.1 Armour
 - Level 1.5 Dodging


You had 2 spell levels left.
You didn't know any spells.
Your spell library was empty.

Dungeon Overview and Level Annotations

Branches:
Dungeon (2/15)

Altars:


Innate Abilities, Weirdness & Mutations

You are immune to sickness and miasma.
Your stone body is resilient. (AC +3)
You are immune to poison.
You resist negative energy. (rN+)
You are resistant to electric shocks. (rElec)
You are resistant to unholy torment.
You are immune to petrification.


Message History

The ball python closely misses you. The ball python misses you. x2
The ball python closely misses you.
The ball python attacks as you move away!
The ball python bites you but does no damage.
The orc attacks as you move away! The orc closely misses you.
You hit the ball python.
You kill the ball python!
Trog accepts your kill.
You barely miss the orc. You closely miss the orc. The orc barely misses you.
You hit the orc.
The orc is moderately wounded.
You hit the orc. The orc hits you but does no damage. x2
You slash the orc!
You kill the orc!
Trog accepts your kill.
You hit the orc. The orc barely misses you. The ball python bites you.
The ball python grabs you. The ball python constricts you.
You slash the ball python!
You kill the ball python!
Trog accepts your kill.
You hit the orc. The orc hits you but does no damage.
The orc priest mumbles some strange prayers to Beogh against you.
Beogh smites you!
Ouch! That really hurt!
The orc closely misses you. The orc misses you.
Your Axes skill increases to level 4!
You are too injured to fight recklessly!
You are too injured to fight recklessly!
You closely miss the orc. x2; The orc closely misses you.
The orc hits you with a +0 falchion.
* * * LOW HITPOINT WARNING * * *
You barely miss the orc. You hit the orc.
You kill the orc!
Trog accepts your kill. The orc hits you but does no damage.
The orc priest calls down the wrath of Beogh upon you.
Beogh smites you!
Ouch! That really hurt!
You die...

## . #.
####.####
.........
........#
........###
.......o@.#
........#o##
........#..# .#
........##.#
...
........##.#
#^#
........##.#
#.#
........##.##
#.#
........##..###
#.# ##...##
#####.#


You could see an orc priest and an orc.

Vanquished Creatures
  2 orcs (D:2)
  5 endoplasms
  2 giant cockroaches (D:1)
  A goblin (D:1)
  3 hobgoblins (D:1)
  4 jackals (D:1)
  6 kobolds (D:1)
  A quokka (D:1)
  6 ball pythons
  A bat (D:1)
  A rat (D:2)
32 creatures vanquished.

Notes
Turn   | Place    | Note
-------+----------+-------------------------------------------
     0 | D:1      | Kel the Gargoyle Berserker began the quest for the Orb.
     0 | D:1      | Reached XP level 1. HP: 14/14 MP: 1/1
   307 | D:1      | Reached skill level 3 in Axes
   314 | D:1      | Reached XP level 2. HP: 17/19 MP: 2/2
   586 | D:1      | You fall into a shaft and drop 1 floor!
   850 | D:1      | Reached XP level 3. HP: 23/23 MP: 3/3
  1363 | D:2      | Reached skill level 4 in Axes
  1365 | D:2      | Killed from afar by an orc priest

Illustrated notes

Levels and vault maps discovered:
D:1:      lightli_arrival_boilingwater, layout_basic, grunt_decor_cap
D:2:      layout_basic, basic_altar

Skill      XL: |  1  2  3 |
---------------+----------+-----
Axes           | 3 4 |  4.0
Fighting       | |  3.2
Armour         | |  2.1
Dodging        | |  1.5

Action                   || total
-------------------------++-------
Melee: Hand axe          ||    93
Armor: Ring mail         ||    33
       Animal skin       ||     1
Dodge: Dodged            ||    58
